 Dungeon Crawl Stone Soup version 0.22-a0-253-gf9d0ce5 (webtiles) character file.

77 mortelune the Chiller (level 4, -5/30 HPs)
             Began as a Demonspawn Ice Elementalist on Mar 3, 2018.
             Killed from afar by a gnoll (9 damage)
             ... with a wand of flame (23)
             ... on level 2 of the Dungeon.
             The game lasted 00:05:00 (3130 turns).

mortelune the Chiller (Demonspawn Ice Elementalist) Turns: 3130, Time: 00:05:01

Health: -5/30      AC:  3    Str:  8    XL:     4   Next: 14%
Magic:  2/8        EV: 14    Int: 18    God:
Gold:   88         SH:  0    Dex: 13    Spells: 2/8 levels left

rFire    . . .     SeeInvis .   b - +0 whip
rCold    . . .     Gourm    .   (no shield)
rNeg     . . .     Faith    .   a - +0 robe
rPois    .         Spirit   .   (no helmet)
rElec    .         Reflect  .   (no cloak)
rCorr    .         Harm     .   (no gloves)
MR       .....                  h - +0 pair of boots
Stlth    ++........             (no amulet)
HPRegen  0.10/turn              (no ring)
MPRegen  0.11/turn              (no ring)

@: very slightly contaminated
A: repulsion field 1
a: no special abilities


You were on level 2 of the Dungeon.
You were not hungry.

You visited 1 branch of the dungeon, and saw 2 of its levels.

You collected 88 gold pieces.

Inventory:

Hand Weapons
 b - a +0 whip (weapon)
 g - a +0 mace
Armour
 a - a +0 robe (worn)
 h - a +0 pair of boots (worn)
Scrolls
 d - a scroll of enchant armour {unknown}
 e - 2 scrolls of magic mapping {unknown}
 f - 2 scrolls of remove curse {unknown}
 i - 2 scrolls of fear {unknown}
 k - a scroll of noise {unknown}
Potions
 j - a potion of invisibility {unknown}
 l - a potion of flight {unknown}
 m - a potion of magic {unknown}
 o - a potion of heal wounds {unknown}
Comestibles
 c - a ration
 n - 3 chunks of flesh


   Skills:
 - Level 1.7 Dodging
 - Level 1.7 Stealth
 + Level 2.8 Spellcasting
 + Level 1.7 Conjurations
 * Level 3.7 Ice Magic


You had 2 spell levels left.
You knew the following spells:

 Your Spells              Type           Power        Failure   Level  Hunger
a - Freeze                Ice            ###.         3%          1    None
b - Throw Frost           Conj/Ice       ##....       8%          2    ##.....
c - Ozocubu's Armour      Chrm/Ice       #.......     22%         3    ###....


Dungeon Overview and Level Annotations

Branches:
Dungeon (2/15)

Altars:


Innate Abilities, Weirdness & Mutations

You are surrounded by a mild repulsion field. (EV +2)


Message History

You are very lightly contaminated with residual magic.
Your hands feel numb with cold.
You miss the butterfly.
The gnoll hits you from afar with a spear.
You completely miss the butterfly.
The gnoll hits you from afar with a spear!
Casting: Throw Frost (safe; 8% risk of failure)
Confirm with . or Enter, or press ? or * to list all spells.
Aiming: Throw Frost (safe; 8% risk of failure)
Press: ? - help, Shift-Dir - straight line, f - gnoll, p - gnoll
Aim: a gnoll, wielding a spear and carrying a wand of flame (25)
The puff of frost hits the gnoll.
The gnoll is lightly wounded.
The gnoll zaps a wand.
The puff of flame misses you.
The puff of flame hits the butterfly.
The butterfly dies!
The gnoll zaps a wand.
The puff of flame hits you!
* * * LOW HITPOINT WARNING * * *
The gnoll zaps a wand.
The puff of flame hits you!
You die...

#.............#
##
#...#'##..รท...#
..
#..g#g##.)....#
#.
#...#g###'#####
#.# #...#g#
#)#### #..
#.g.#.# #....#
#.## #..g#.#
#....#
#..####...#.#
#....#
#####........#@#
#....#
#............#.#
#..).#
#.....g......#.#
#....#
#............#.#
#.##<#
#.......######.#
#.##.# #.....#.#
#.# #.##.#
#.....#.# #.#
#.##.######
#....##.. ...
#.##......#
#....##..#
#.##......####


You could see 3 gnolls.

Vanquished Creatures
  2 adders (D:2)
  3 worms (D:2)
  A dart slug (D:1)
  A leopard gecko (D:1)
  2 giant cockroaches
  5 goblins
  6 hobgoblins
  3 jackals (D:1)
  A quokka (D:2)
  5 bats (D:1)
  4 frilled lizards
  9 kobolds
  6 rats
48 creatures vanquished.

Vanquished Creatures (others)
  A butterfly (D:2)
1 creature vanquished.

Grand Total: 49 creatures vanquished

Notes
Turn   | Place    | Note
-------+----------+-------------------------------------------
     0 | D:1      | mortelune the Demonspawn Ice Elementalist began the quest for the Orb.
     0 | D:1      | Reached XP level 1. HP: 13/13 MP: 3/3
   338 | D:1      | Reached skill level 3 in Ice Magic
   548 | D:1      | Gained mutation: You are surrounded by a mild repulsion field. (EV +2) [demonic ancestry]
   548 | D:1      | Reached XP level 2. HP: 19/19 MP: 0/5
   726 | D:1      | Learned a level 2 spell: Throw Frost
  1806 | D:2      | Reached XP level 3. HP: 23/24 MP: 2/6
  1849 | D:2      | Learned a level 3 spell: Ozocubu's Armour
  2713 | D:2      | Reached XP level 4. HP: 28/30 MP: 2/8
  3130 | D:2      | Killed from afar by a gnoll

Vault maps used:
D:1:      eino_arrival_water_cross
D:2:      overflow_temple_1_default, xom_butterflies, lemuel_doored_altar,
          first_ration

Skill      XL: |  1 |
---------------+----+-----
Ice Magic      | 3 |  3.7
Dodging        | |  1.7
Stealth        | |  1.7
Spellcasting   | |  2.8
Conjurations   | |  1.7

Action                   |  1- 3 |  4- 6 || total
-------------------------+-------+-------++-------
Melee: Whip              |    21 |     4 ||    25
 Cast: Freeze            |    67 |    11 ||    78
       Throw Frost       |    13 |     5 ||    18
  Eat: Chunk             |     3 |     2 ||     5
       Ration            |     1 |       ||     1
Armor: Robe              |    16 |     1 ||    17
Dodge: Dodged            |    73 |     7 ||    80

Table legend:
 A = Spawn XP
 B = Non-spawn XP
 C = Spawn XP percentage of total XP
 D = Spawn monster count
 E = Non-spawn monster count
 F = Spawn count percentage of total count
 G = Total turns spent on level
                    A         B        C        D         E        F      G
               +---------+---------+-------+---------+---------+-------+---------
         Total |       0 |     111 |   0.0 |       0 |      48 |   0.0 |  3130
               +---------+---------+-------+---------+---------+-------+---------
           D:1 |       0 |      39 |   0.0 |       0 |      23 |   0.0 |  1779
           D:2 |       0 |      72 |   0.0 |       0 |      25 |   0.0 |  1351
               +---------+---------+-------+---------+---------+-------+---------
